 Dungeon Crawl Stone Soup version 0.29-a0-360-g8ed1089bbe (webtiles) character file.

Game seed: 10358627785502692300

166 jlumianski the Skirmisher (level 5, -6/41 HPs)
             Began as a Demonspawn Fighter on Apr 29, 2022.
             Mangled by Edmund
             ... wielding a +2 vorpal dire flail
              (9 damage)
             ... on level 3 of the Dungeon.
             The game lasted 00:10:09 (2628 turns).

jlumianski the Skirmisher (Demonspawn Fighter)      Turns: 2628, Time: 00:10:10

Health: -6/41      AC: 11    Str: 18    XL:     5   Next: 22%
Magic:  5/5        EV:  6    Int: 12    God:
Gold:   145        SH:  4    Dex: 12    Spells: 4/4 levels left

rFire   . . .      SeeInvis .   a - +0 war axe
rCold   . . .      Faith    .   c - +0 buckler
rNeg    + . .      Spirit   .   g - +0 chain mail
rPois   .          Reflect  .   A - +0 helmet
rElec   .          Harm     .   u - +0 cloak
rCorr   +          Rampage  .   (no gloves)
Will    .....                   (no boots)
Stlth   ..........              w - amulet of the acrobat
HPRegen 0.13/turn               r - ring of positive energy
MPRegen 0.09/turn               x - ring of resist corrosion

@: mighty
A: foul stench 1, big brain 1, demonic touch 1
a: no special abilities


You were on level 3 of the Dungeon.
You visited 1 branch of the dungeon, and saw 4 of its levels.

You collected 145 gold pieces.

Inventory:

Hand Weapons
 a - a +0 war axe (weapon)
 i - a +2 dagger of speed
 n - a +0 dagger
Missiles
 e - 194 stones
 h - 5 silver javelins
 j - 6 poisoned darts (quivered)
 o - 3 boomerangs
Armour
 b - a +0 scale mail
 c - a +0 buckler (worn)
 g - a +0 chain mail (worn)
 u - a +0 cloak (worn)
 v - the +2 scale mail "Anaaf" {*Slow rN+ Stlth+}
   (You took it off an orc on level 2 of the Dungeon)

   rN:        It protects you from negative energy.
   *Slow:     It may slow you when you take damage.
   Stlth:     It makes you more stealthy.
 A - a +0 helmet (worn)
Jewellery
 m - an amulet of magic regeneration
 r - a ring of positive energy (left hand)
 w - an amulet of the acrobat (around neck)
 x - a ring of resist corrosion (right hand)
Wands
 z - a wand of polymorph (2)
Scrolls
 f - 2 scrolls of vulnerability {unknown}
 k - 2 scrolls of fear
 p - a scroll of blinking
 y - a scroll of teleportation
 C - a scroll of enchant armour {unknown}
 D - a scroll of torment {unknown}
Potions
 d - a potion of might
 l - a potion of cancellation {unknown}
 q - a potion of resistance {unknown}
 s - 2 potions of degeneration {unknown}
 t - a potion of ambrosia {unknown}
 B - a potion of attraction {unknown}
 E - a potion of lignification {unknown}


   Skills:
 + Level 3.6 Fighting
 + Level 3.6 Axes
 + Level 3.3 Armour
 + Level 0.1 Dodging
 + Level 3.3 Shields


You had 4 spell levels left.
You didn't know any spells.
Your spell library was empty.

Dungeon Overview and Level Annotations

Branches:
Dungeon (4/15)
 Temple: D:4-7

Altars:
Elyvilon

Shops:
D:1 [

Annotations:
D:3 Edmund


Innate Abilities, Weirdness & Mutations

You may rarely emit foul miasma when damaged in melee.
You have an unusually large brain. (Int +2)
Your touch may inflict minor irresistible damage on your foes.


Message History

You climb upwards.
There is a stone staircase leading down here.
You start resting.
HP restored.
You climb downwards.
Level annotation: Edmund Edmund says, "I'm quite good with sums, too."
You block Edmund's attack.
There is a stone staircase leading up, spattered with blood here.
Edmund hits you with a +2 vorpal dire flail.
You emit a cloud of foul miasma!
You climb upwards.
There is a stone staircase leading down here.
Edmund attacks as you move away! You block Edmund's attack.
Edmund attacks as you move away! Edmund closely misses you.
You feel very mighty all of a sudden. Edmund hits you but does no damage.
You closely miss Edmund.
Edmund hits you with a +2 vorpal dire flail!
You slash Edmund!
Edmund is moderately wounded.
You block Edmund's attack. x2
You hit Edmund.
Edmund is moderately wounded.
Edmund hits you with a +2 vorpal dire flail.
You slash Edmund!
Edmund is heavily wounded.
You block Edmund's attack.
You hit Edmund.
Edmund is heavily wounded.
Edmund completely misses you.
Edmund hits you with a +2 vorpal dire flail!
You slash Edmund!
Edmund is almost dead.
Edmund hits you with a +2 vorpal dire flail!
* * * LOW HITPOINT WARNING * * *
x2 You completely miss Edmund.
Edmund is almost dead.
Edmund hits you with a +2 vorpal dire flail!
You die...

####.# #....# #.##.#
#.##.# #### #.##.# #...
#.##.# ###########.#.
#.##.# #.............
#.##.#####.............
#.#...@@...............
####.#..####>.............
#.....÷.# #............≈≈
##.###..####...########.≈≈
#.# #.........# #..P #.#
#.#####.#.########.P. #.#
#.....#............♣. #.#
#..##.#.#.##.......♣. #.#
#...#.#'#.##.......♣.


You could see Edmund.

Vanquished Creatures
  A hound (D:3)
  A gnoll (D:4)
  4 adders (D:2)
  2 worms (D:3)
  3 dart slugs
  5 orcs
  6 endoplasms
  5 giant cockroaches
  4 goblins
  4 hobgoblins
  7 jackals
  8 kobolds
  2 quokkas (D:1)
  A ball python (D:1)
  7 bats
  8 frilled lizards
  6 rats
74 creatures vanquished.

Vanquished Creatures (others)
  A butterfly (D:3)
1 creature vanquished.

Grand Total: 75 creatures vanquished

Notes
Turn   | Place    | Note
-------+----------+-------------------------------------------
     0 | D:1      | jlumianski the Demonspawn Fighter began the quest for the
                  | Orb.
     0 | D:1      | Reached XP level 1. HP: 18/18 MP: 1/1
    53 | D:1      | Found Xotahaus's Armour Emporium.
   173 | D:1      | Gained mutation: Your touch may inflict minor irresistible
                  | damage on your foes. [demonic ancestry]
   173 | D:1      | Reached XP level 2. HP: 24/24 MP: 2/2
   295 | D:1      | Found a faded altar of an unknown god.
   859 | D:2      | Gained mutation: You may rarely emit foul miasma when
                  | damaged in melee. [demonic ancestry]
   859 | D:2      | Reached XP level 3. HP: 14/29 MP: 3/3
  1203 | D:2      | Identified the +2 scale mail "Anaaf" {*Slow rN+ Stlth+}
  1414 | D:2      | Reached XP level 4. HP: 31/35 MP: 4/4
  2202 | D:3      | Gained mutation: You have an unusually large brain. (Int
                  | +2) [demonic ancestry]
  2202 | D:3      | Reached XP level 5. HP: 41/41 MP: 5/5
  2555 | D:4      | Noticed Edmund
  2628 | D:3      | Mangled by Edmund

Illustrated notes

Levels and vault maps discovered:
D:1:      lightli_arrival_isolated_outpost, layout_loops_ring, serial_shops,
          nicolae_shop_temple_entry_statues_fountains,
          hellmonk_ecumenical_altar_run_dry, serial_park_tiny_1
D:2:      layout_basic
D:3:      layout_basic, nicolae_elyvilon_peaceful_grove
D:4:      minmay_chambers_of_twos, layout_loops_cross, gammafunk_ghost_split,
          kennysheep_big_empty_room, uniq_edmund, uniq_pikel

Skill      XL: |  1  2  3  4 |
---------------+-------------+-----
Axes           | 2 3 |  3.6
Shields        | 3 |  3.3
Armour         | 3 |  3.3
Fighting       | |  3.6
Dodging        | |  0.1

Action                   |  1- 3 |  4- 6 || total
-------------------------+-------+-------++-------
Melee: War axe           |    93 |   108 ||   201
Throw: Dart              |     1 |     1 ||     2
  Use: Scroll            |     5 |       ||     5
       Potion            |       |     1 ||     1
Armor: Scale mail        |     3 |       ||     3
       Chain mail        |    57 |    65 ||   122
Dodge: Dodged            |    34 |    40 ||    74
Block: Buckler           |    24 |    32 ||    56

Table legend: (Time is in decaauts)
 A = Elapsed time spent in this place.
 B = Non-inter-level travel time spent in this place.
 C = Inter-level travel time spent in this place.
 D = Time resting spent in this place.
 E = Time spent auto-exploring this place.
 F = Levels seen in this place.
 G = Mean time per level.
                   A        B        C        D        E       F      G
               +--------+--------+--------+--------+--------+-----+--------+
         Total |   2719 |   2665 |     54 |     35 |   1677 |   4 |  679.8 |
       Dungeon |   2719 |   2665 |     54 |     35 |   1677 |   4 |  679.8 |
               +--------+--------+--------+--------+--------+-----+--------+

Top non-repeatable levels by time:
     D:2: 950 daAuts
     D:3: 890 daAuts
     D:1: 816 daAuts
     D:4: 62 daAuts
